 Dungeon Crawl Stone Soup version 0.18.1-48-g4cf74bf (webtiles) character file.

586 MistressOfTheDunes the Insei (level 7, 0/56 HPs)
             Began as a Mummy Monk on June 27, 2016.
             Slain by a jumping spider (7 damage)
             ... on level 2 of the Dungeon.
             The game lasted 00:15:16 (12782 turns).

MistressOfTheDunes the Insei (Mummy Monk)          Turns: 12782, Time: 00:15:16

Health: 0/56       AC:  1    Str: 15    XL:     7   Next: 15%
Magic:  7/7        EV: 15    Int:  9    God:
Gold:   207        SH:  0    Dex: 16    Spells: 0 memorised, 6 levels left

rFire  x . .     SeeInvis .       - Unarmed
rCold  + . .     Gourm    .     (no armour)
rNeg   + + +     Faith    .     (no shield)
rPois  ∞         Spirit   .     (no helmet)
rElec  .         Dismiss  .     (no cloak)
rCorr  .         Reflect  .     h - +0 pair of gloves
SustAt .         Harm     .     (no boots)
MR     .....                    (no amulet)
Stlth  ++........               (no ring)
                                (no ring)

@: not resistant to hostile enchantments, unstealthy
A: no food or potions, fire vulnerability, cold resistance 1, negative energy
resistance 3, torment resistance, unbreathing
a: no special abilities


You were on level 2 of the Dungeon.
You were not hungry.

You visited 1 branch of the dungeon, and saw 5 of its levels.

You collected 207 gold pieces.


Innate Abilities, Weirdness & Mutations

You do not eat or drink.
Your flesh is vulnerable to fire.
You are immune to poison.
Your flesh is cold resistant.
You are immune to negative energy.
You are immune to unholy pain and torment.
You can survive without breathing.


   Skills:
 - Level 5.0 Fighting
 - Level 4.6 Dodging
 - Level 1.5 Stealth
 + Level 5.0 Unarmed Combat


You had 6 spell levels left.
You didn't know any spells.

Inventory:

Missiles
 c - 38 poisoned needles
Armour
 h - a +0 pair of gloves (worn)
Jewellery
 i - an uncursed amulet of rage {unknown}
 k - an uncursed amulet of rage {unknown}
Scrolls
 a - a scroll of amnesia {unknown}
 b - 4 scrolls of random uselessness
 d - 3 scrolls of identify {unknown}
 e - a scroll of remove curse {unknown}
 f - 2 scrolls of noise {unknown}
 g - a scroll of blinking {unknown}
 j - a scroll of fear {unknown}

Dungeon Overview and Level Annotations

Branches:
Dungeon (5/15)
 Temple: D:4-7

Altars:
Ashenzari
Cheibriados
Nemelex Xobeh
Okawaru
Ru

Annotations:
D:2 Crazy Yiuf
D:3 Flaming hot wraith, Typee's ghost, amateur OpCj
D:4 Grinder
D:5 Dowan; Duvessa; Eustachio

....▒▒......▒▒▒.▒▒.▒.▒.▒▒▒▒.....z
▒▒▒..▒.▒▒▒▒▒▒ ▒▒▒.▒▒▒▒..[...▒.▒▒.
▒ ▒▒....▒▒▒ ▒.▒▒..▒▒▒▒▒▒....▒▒
▒▒▒▒▒▒....▒ ▒....▒▒ ▒▒...▒▒
.......▒▒.▒ ▒▒▒...▒ ▒▒...▒
......▒▒▒.▒▒▒▒▒▒▒▒▒..▒▒▒ ▒▒..▒
......▒ ▒.)......▒.....▒ ▒...
......▒ ▒▒▒▒▒▒▒▒s▒.▒▒▒.▒ ▒▒..
......▒▒▒▒ ▒M..▒ ▒.▒▒ ▒▒.
.........▒ ▒▒g.▒▒▒..▒▒▒▒ ▒▒
▒▒▒▒▒▒▒▒.▒▒ ▒...▒.....>▒ ▒ ▒..▒▒
▒▒▒.▒.....▒▒.▒ ▒▒
▒▒..▒▒▒▒.(.▒▒▒!..▒▒.▒▒▒▒▒▒ .▒
▒....▒▒.▒▒▒ ▒▒▒.........▒ .▒
▒.._..).▒ ▒.........▒ .▒
▒▒....▒▒▒ ▒.........▒ .▒ ▒▒...▒
▒.........▒


You could see a jumping spider and a goblin.


Message History

You swing at nothing!
The jumping spider leaps!!!
The jumping spider pounces on you! The jumping spider bites you!
The jumping spider closely misses you! The jumping spider bites you!
You climb downwards!
Level annotation: Crazy Yiuf A goblin comes into view!
It is wielding a dagger!
There is a stone staircase leading up here!
You closely miss the jumping spider!
The goblin shouts!!!
The jumping spider pounces on you!
You are caught in a web!!!
The jumping spider bites you but does no damage!
The goblin closely misses you! The jumping spider pounces on you!!!
The jumping spider closely misses you! x3
The goblin barely misses you!
You barely miss the jumping spider! The jumping spider misses you!
The jumping spider bites you! * * * don't die
* * * The goblin barely misses you!
You pound the jumping spider but do no damage!
The jumping spider pounces on you!!! * * * don't die
* * * The jumping spider bites you! * * * don't die
* * * The jumping spider completely misses you!
The jumping spider closely misses you!
You beat the goblin into a bloody pulp!
The goblin is moderately wounded!
The goblin closely misses you! The jumping spider barely misses you!
The jumping spider bites you!!! rip

Action                   |  1- 3 |  4- 6 |  7- 9 || total
-------------------------+-------+-------+-------++-------
Melee: Unarmed           |   153 |   334 |    26 ||   513
       Punch             |     4 |     6 |     1 ||    11
  Use: Scroll            |     1 |       |       ||     1
 Stab: Sleeping          |     3 |     4 |       ||     7
       Distracted        |       |     1 |       ||     1
Armor: Skin              |       |     6 |     2 ||     8
Dodge: Dodged            |    95 |   215 |    24 ||   334

Vault maps used:
D:1:      erik_arrival_triangle_large, minmay_vboxes
D:2:      cheibriados_altar_1, amethyst_killhole, uniq_crazy_yiuf_cottage
D:3:      lemuel_round_altar, serial_bayou, serial_bayou_pond_a,
          serial_bayou_lake_a, serial_bayou_pond_a, serial_bayou_pond_d,
          serial_bayou_pond_e, serial_bayou_pond_a, first_bread
D:4:      kennysheep_mini_moat, old_standard_altar, evilmike_ruin_ashenzari,
          uniq_grinder
D:5:      grunt_temple_overflow_diamond, lemuel_temple_firewalk_marked,
          lemuel_tele_altar, uniq_duvessa, uniq_eustachio

Notes
Turn   | Place    | Note
--------------------------------------------------------------
     0 | D:1      | MistressOfTheDunes the Mummy Monk began the quest for the Orb.
     0 | D:1      | Reached XP level 1. HP: 18/18 MP: 1/1
   217 | D:1      | Reached XP level 2. HP: 13/24 MP: 2/2
   235 | D:1      | HP: 1/24 [rat (3)]
   964 | D:1      | Reached skill level 4 in Unarmed Combat
  1303 | D:2      | Reached XP level 3. HP: 15/29 MP: 3/3
  1875 | D:2      | Noticed Crazy Yiuf
  2072 | D:2      | Found a snail-covered altar of Cheibriados.
  2473 | D:2      | Reached XP level 4. HP: 29/35 MP: 4/4
  3078 | D:3      | Noticed Typee's ghost (amateur OpCj)
  3274 | D:2      | Reached skill level 5 in Unarmed Combat
  4178 | D:3      | Found a sacrificial altar of Ru.
  4337 | D:4      | Reached XP level 5. HP: 33/42 MP: 5/5
  4537 | D:4      | Reached skill level 4 in Fighting
  4633 | D:4      | Found a sparkling altar of Nemelex Xobeh.
  4709 | D:4      | Noticed Grinder
  4739 | D:4      | Found a shattered altar of Ashenzari.
  5542 | D:4      | Reached skill level 5 in Fighting
  5711 | D:4      | Found an iron altar of Okawaru.
  5762 | D:4      | Reached XP level 6. HP: 17/51 MP: 6/6
  6537 | D:4      | Found a shattered altar of Ashenzari.
  6569 | D:4      | Found an iron altar of Okawaru.
  6997 | D:4      | Found a sparkling altar of Nemelex Xobeh.
  7124 | D:4      | Reached skill level 3 in Dodging
  7192 | D:5      | Entered Level 5 of the Dungeon
  7202 | D:5      | Noticed Dowan
  7209 | D:5      | Noticed Duvessa
  7245 | D:5      | Noticed Eustachio
 11009 | D:2      | Reached skill level 4 in Dodging
 11246 | D:2      | Reached XP level 7. HP: 33/56 MP: 7/7
 12326 | D:1      | Noticed a redback
 12775 | D:1      | Noticed a jumping spider
 12782 | D:2      | Slain by a jumping spider

Vanquished Creatures
  4 wights (D:2)
  A howler monkey (D:4)
  2 crimson imps (D:4)
  A centaur zombie (D:4)
  An orc wizard (D:4)
  A worker ant (D:4)
  A howler monkey zombie (D:5)
  A howler monkey skeleton (D:4)
  4 gnolls (D:4)
  7 adders
  An ooze (D:2)
  2 adder skeletons (D:4)
  3 dart slugs
  2 worms
  2 giant geckos
  6 orcs
  A ball python (D:1)
  A giant cockroach (D:1)
  10 goblins
  9 hobgoblins
  5 jackals
  A quokka (D:4)
  6 bats
  2 giant newts
  14 kobolds
  A quokka skeleton (D:4)
  15 rats
104 creatures vanquished.
